3085 views
Uploaded 2020-04-25 09:05:53
Game version 1.32.3
17:44 long 1on1 custom game on (2)Amazonia
Game name "W3Champions-20-Nf5pdDJokk"
Saved by Dziango
3085 views
Uploaded 2020-04-25 09:05:53
Game version 1.32.3
17:44 long 1on1 custom game on (2)Amazonia
Game name "W3Champions-20-Nf5pdDJokk"
23 units @ 3.9k
/ 0.6k
11 buildings @ 1.8k
/ 0.7k



| Rod of Necromancy | 3 | 450 |
| Orb of Corruption | 1 | 375 |
| Scroll of Healing | 1 | 250 |
| Potion of Lesser Invulnerability | 2 | 300 |
| total: | 7 | 1375g |
| Acolyte | 5 | 375 | / | 0 |
| Ghoul | 3 | 360 | / | 0 |
| Crypt Fiend | 10 | 2150 | / | 400 |
| Obsidian Statue | 2 | 400 | / | 70 |
| Abomination | 2 | 480 | / | 140 |
| Banshee | 1 | 155 | / | 30 |
| total: | 23 | 3920g | / | 640w |
| Nerubian Tower | 1 | 100 | / | 20 |
| Ziggurat | 5 | 750 | / | 250 |
| Altar of Darkness | 1 | 180 | / | 50 |
| Crypt | 1 | 200 | / | 50 |
| Tomb of Relics | 1 | 130 | / | 30 |
| Graveyard | 1 | 215 | / | 0 |
| Slaughterhouse | 1 | 140 | / | 135 |
| Temple of the Damned | 1 | 155 | / | 140 |
| Halls of the Dead | 1 | 320 | / | 210 |
| Black Citadel | 1 | 325 | / | 230 |
| total: | 11 | 1770g | / | 655w |
| 0:01 | Acolyte |
| 0:03 | Ziggurat |
| 0:04 | Altar of Darkness |
| 0:05 | Acolyte |
| 0:36 | Crypt |
| 0:41 | Acolyte |
| 0:57 | Tomb of Relics |
| 1:16 | Graveyard |
| 1:37 | Ghoul |
| 1:45 | Ghoul |
| 2:03 | Rod of Necromancy |
| 2:05 | Death Coil |
| 2:11 | Ghoul |
| 2:19 | Nerubian Tower |
| 2:35 | Ziggurat |
| 3:02 | Halls of the Dead |
| 3:36 | Crypt Fiend |
| 3:39 | Unholy Aura |
| 4:17 | Rod of Necromancy |
| 4:29 | Crypt Fiend |
| 5:27 | Black Citadel |
| 5:31 | Slaughterhouse |
| 5:39 | Death Coil |
| 5:46 | Ziggurat |
| 6:01 | Burrow |
| 6:05 | Ziggurat |
| 6:17 | Rod of Necromancy |
| 6:21 | Frost Nova |
| 6:37 | Obsidian Statue |
| 6:55 | Crypt Fiend |
| 7:11 | Obsidian Statue |
| 7:53 | Crypt Fiend |
| 8:04 | Dark Ritual |
| 8:16 | Acolyte |
| 8:26 | Orb of Corruption |
| 8:36 | Acolyte |
| 8:58 | Temple of the Damned |
| 9:15 | Crypt Fiend |
| 9:23 | Creature Attack |
| 9:38 | Unholy Aura |
| 9:45 | Destroyer Form |
| 10:08 | Silence |
| 10:37 | Ziggurat |
| 11:02 | Improved Creature Attack |
| 11:48 | Crypt Fiend |
| 12:10 | Crypt Fiend |
| 12:39 | Potion of Lesser Invulnerability |
| 13:08 | Frost Nova |
| 13:14 | Web |
| 13:18 | Creature Carapace |
| 13:26 | Banshee Adept Training |
| 14:25 | Scroll of Healing |
| 14:41 | Crypt Fiend |
| 14:41 | Abomination |
| 14:43 | Banshee |
| 15:01 | Potion of Lesser Invulnerability |
| 15:25 | Crypt Fiend |
| 15:48 | Crypt Fiend |
| 15:57 | Black Arrow |
| 16:45 | Abomination |
30 units @ 4.6k
/ 0.6k
15 buildings @ 2.5k
/ 0.8k



| Rod of Necromancy | 3 | 450 |
| Orb of Corruption | 1 | 375 |
| Dust of Appearance | 1 | 75 |
| Boots of Speed | 1 | 250 |
| Staff of Teleportation | 1 | 150 |
| Potion of Lesser Invulnerability | 3 | 450 |
| total: | 10 | 1750g |
| Acolyte | 6 | 450 | / | 0 |
| Ghoul | 9 | 1080 | / | 0 |
| Crypt Fiend | 6 | 1290 | / | 240 |
| Obsidian Statue | 3 | 600 | / | 105 |
| Abomination | 3 | 720 | / | 210 |
| Banshee | 3 | 465 | / | 90 |
| total: | 30 | 4605g | / | 645w |
| Crypt | 1 | 200 | / | 50 |
| Altar of Darkness | 1 | 180 | / | 50 |
| Ziggurat | 7 | 1050 | / | 350 |
| Tomb of Relics | 1 | 130 | / | 30 |
| Graveyard | 2 | 430 | / | 0 |
| Necropolis | 1 | 225 | / | 0 |
| Slaughterhouse | 1 | 140 | / | 135 |
| Temple of the Damned | 1 | 155 | / | 140 |
| Halls of the Dead | 1 | 320 | / | 210 |
| Black Citadel | 1 | 325 | / | 230 |
| total: | 15 | 2510g | / | 755w |
| 0:01 | Acolyte |
| 0:05 | Crypt |
| 0:07 | Altar of Darkness |
| 0:25 | Ziggurat |
| 0:31 | Acolyte |
| 0:48 | Acolyte |
| 0:58 | Tomb of Relics |
| 1:10 | Ghoul |
| 1:25 | Ziggurat |
| 1:35 | Ghoul |
| 1:48 | Ghoul |
| 1:48 | Ghoul |
| 2:00 | Ghoul |
| 2:12 | Rod of Necromancy |
| 2:18 | Frost Nova |
| 2:36 | Ghoul |
| 2:52 | Halls of the Dead |
| 3:21 | Ghoul |
| 3:23 | Graveyard |
| 3:24 | Graveyard |
| 3:32 | Dark Ritual |
| 3:39 | Ghoul |
| 3:57 | Rod of Necromancy |
| 4:09 | Ziggurat |
| 5:15 | Boots of Speed |
| 5:20 | Black Citadel |
| 5:22 | Slaughterhouse |
| 5:57 | Frost Nova |
| 6:04 | Crypt Fiend |
| 6:42 | Obsidian Statue |
| 6:43 | Death Coil |
| 6:52 | Rod of Necromancy |
| 7:02 | Staff of Teleportation |
| 7:46 | Ghoul Frenzy |
| 7:47 | Obsidian Statue |
| 8:04 | Orb of Corruption |
| 8:15 | Crypt Fiend |
| 8:31 | Destroyer Form |
| 9:00 | Ziggurat |
| 9:02 | Temple of the Damned |
| 9:04 | Burrow |
| 9:24 | Unholy Aura |
| 9:25 | Dark Ritual |
| 9:36 | Silence |
| 9:46 | Ziggurat |
| 9:55 | Potion of Lesser Invulnerability |
| 10:08 | Abomination |
| 10:11 | Banshee Adept Training |
| 10:53 | Crypt Fiend |
| 10:57 | Obsidian Statue |
| 11:11 | Ziggurat |
| 11:49 | Dust of Appearance |
| 11:55 | Banshee |
| 11:57 | Ghoul |
| 12:27 | Banshee |
| 12:43 | Death Coil |
| 12:53 | Abomination |
| 12:53 | Crypt Fiend |
| 12:56 | Black Arrow |
| 13:18 | Abomination |
| 13:42 | Potion of Lesser Invulnerability |
| 14:47 | Crypt Fiend |
| 14:48 | Banshee |
| 14:54 | Acolyte |
| 15:13 | Crypt Fiend |
| 15:38 | Necropolis |
| 16:00 | Potion of Lesser Invulnerability |
| 16:28 | Acolyte |
| 16:33 | Ziggurat |
| 16:53 | Acolyte |